| TOP OF THE 1ST |
|
Greensboro Grasshoppers batting - Pitching for South Bend Cubs : RHP Melvin Orengo
|
|
Pitching: RHP Melvin Orengo
|
|
|
Batting: RHB Harrie de Kam
|
0-0: Swinging Strike 0-1: Fly out, F8 (Flyball, 8RD, EV 90.0 MPH)
|
|
Batting: RHB Rafael Irizarry
|
0-0: Called Strike 0-1: Ball 1-1: Ground out 5-3 (Groundball, 5L, EV 83.8 MPH)
|
|
Batting: LHB Ryan Karg
|
0-0: Called Strike 0-1: Ball 1-1: Ball 2-1: Foul Ball, location: 2F 2-2: Strikes out looking
|
| Top of the 1st over - 0 runs, 0 hits, 0 errors, 0 left on base; Greensboro 0 - South Bend 0 |
| BOTTOM OF THE 1ST |
|
South Bend Cubs batting - Pitching for Greensboro Grasshoppers : LHP Melvin Castro
|
|
Pitching: LHP Melvin Castro
|
|
|
Batting: RHB Andy Huntley
|
0-0: Foul Ball, location: 2F 0-1: Ball 1-1: Called Strike 1-2: Ball 2-2: Strikes out looking
|
|
Batting: LHB Kwang-chih Men
|
0-0: Fly out, F8 (Flyball, 8RD, EV 101.2 MPH)
|
|
Batting: RHB Roy Battist
|
0-0: Called Strike 0-1: Foul Ball, location: 2F 0-2: Ground out U3 (Groundball, 3L, EV 90.6 MPH)
|
| Bottom of the 1st over - 0 runs, 0 hits, 0 errors, 0 left on base; Greensboro 0 - South Bend 0 |
| TOP OF THE 2ND |
|
Greensboro Grasshoppers batting - Pitching for South Bend Cubs : RHP Melvin Orengo
|
|
Batting: LHB Angelo Estrella
|
0-0: Called Strike 0-1: Ball 1-1: Ball 2-1: SINGLE (Line Drive, 6M, EV 102.5 MPH)
|
|
Batting: RHB Chris Alft
|
0-0: Hit by Pitch Angelo Estrella to second
|
|
Batting: LHB Justin Blakely
|
0-0: Called Strike 0-1: Ball 1-1: Fielders Choice at 2nd, 2-4 (Groundball, 2L, EV 66.9 MPH) Angelo Estrella to third
|
|
Batting: LHB Ryan Thompson
|
0-0: Swinging Strike 0-1: Foul Ball, location: 2F 0-2: Foul Ball, location: 2F 0-2: Foul Ball, location: 2F 0-2: Ball 1-2: Strikes out swinging
|
|
Batting: RHB Dennis Coppolino
|
0-0: Foul Ball, location: 2F 0-1: Ball 1-1: Foul Ball, location: 2F 1-2: Fly out, F9 (Flyball, 89M, EV 88.8 MPH)
|
| Top of the 2nd over - 0 runs, 1 hit, 0 errors, 2 left on base; Greensboro 0 - South Bend 0 |
| BOTTOM OF THE 2ND |
|
South Bend Cubs batting - Pitching for Greensboro Grasshoppers : LHP Melvin Castro
|
|
Batting: RHB Han-seung Hah
|
0-0: Swinging Strike 0-1: Swinging Strike 0-2: Ball 1-2: Ball 2-2: Ball 3-2: Fly out, F6 (Popup, 6, EV 59.4 MPH)
|
|
Batting: RHB Puluke Konane
|
0-0: Called Strike 0-1: Ball 1-1: Called Strike 1-2: Strikes out swinging
|
|
Batting: RHB Juan Bonilla
|
0-0: Called Strike 0-1: Called Strike 0-2: Ball 1-2: DOUBLE (Line Drive, 9LS, EV 86.2 MPH)
|
|
Batting: RHB Denis Rachin
|
0-0: Foul Ball, location: 2F 0-1: Ball 1-1: Swinging Strike 1-2: Foul Ball, location: 2F 1-2: Ground out 6-3 (Groundball, 6, EV 85.0 MPH)
|
| Bottom of the 2nd over - 0 runs, 1 hit, 0 errors, 1 left on base; Greensboro 0 - South Bend 0 |
| TOP OF THE 3RD |
|
Greensboro Grasshoppers batting - Pitching for South Bend Cubs : RHP Melvin Orengo
|
|
Batting: RHB Nick Dunton
|
0-0: Ground out 5-3 (Groundball, 56, EV 91.9 MPH)
|
|
Batting: RHB Harrie de Kam
|
0-0: Ball 1-0: Ball 2-0: Called Strike 2-1: Ball 3-1: Called Strike 3-2: Base on Balls
|
|
Batting: RHB Rafael Irizarry
|
0-0: Called Strike Harrie de Kam steals 2nd base (no throw) 0-1: Foul Ball, location: 2F 0-2: Foul Ball, location: 2F 0-2: Fly out, F8 (Flyball, 89S, EV 75.0 MPH)
|
|
Batting: LHB Ryan Karg
|
0-0: Called Strike 0-1: Ball 1-1: Ball 2-1: Called Strike 2-2: Ball 3-2: Base on Balls
|
|
Batting: LHB Angelo Estrella
|
0-0: Ball 1-0: Called Strike 1-1: Ball 2-1: Ball 3-1: Foul Ball, location: 2F 3-2: Base on Balls Harrie de Kam to third Ryan Karg to second
|
|
Batting: RHB Chris Alft
|
0-0: Called Strike 0-1: Ball 1-1: Ball 2-1: Foul Ball, location: 2F 2-2: Fly out, F9 (Line Drive, 9, EV 100.6 MPH)
|
| Top of the 3rd over - 0 runs, 0 hits, 0 errors, 3 left on base; Greensboro 0 - South Bend 0 |
| BOTTOM OF THE 3RD |
|
South Bend Cubs batting - Pitching for Greensboro Grasshoppers : LHP Melvin Castro
|
|
Batting: LHB Adam Conover
|
0-0: Called Strike 0-1: Swinging Strike 0-2: Ball 1-2: Ground out 4-3 (Groundball, 4, EV 83.8 MPH)
|
|
Batting: RHB Hugo Torrez
|
0-0: Foul Ball, location: 2F 0-1: Ball 1-1: Ground out U3 (Groundball, 3, EV 85.6 MPH)
|
|
Batting: RHB Andy Huntley
|
0-0: Foul Ball, location: 2F 0-1: Ball 1-1: Swinging Strike 1-2: Ball 2-2: Ball 3-2: SINGLE (Line Drive, 9S, EV 98.8 MPH)
|
|
Batting: LHB Kwang-chih Men
|
0-0: Fielders Choice at 2nd, 5-4 (Groundball, 5, EV 86.2 MPH)
|
| Bottom of the 3rd over - 0 runs, 1 hit, 0 errors, 1 left on base; Greensboro 0 - South Bend 0 |
| TOP OF THE 4TH |
|
Greensboro Grasshoppers batting - Pitching for South Bend Cubs : RHP Melvin Orengo
|
|
Pitching: RHP Velimir Sljivancanin
|
|
|
Batting: LHB Justin Blakely
|
0-0: Ball 1-0: Called Strike 1-1: Swinging Strike 1-2: Ball 2-2: Strikes out looking
|
|
Batting: LHB Ryan Thompson
|
0-0: Ball 1-0: Ball 2-0: Called Strike 2-1: Ball 3-1: Foul Ball, location: 2F 3-2: Foul Ball, location: 2F 3-2: Base on Balls
|
|
Batting: RHB Dennis Coppolino
|
0-0: Called Strike 0-1: Foul Ball, location: 2F 0-2: Ball 1-2: Ball 2-2: Foul Ball, location: 2F 2-2: Foul Ball, location: 2F 2-2: Strikes out swinging
|
|
Batting: RHB Nick Dunton
|
0-0: Called Strike 0-1: Called Strike 0-2: Ball 1-2: Strikes out swinging
|
| Top of the 4th over - 0 runs, 0 hits, 0 errors, 1 left on base; Greensboro 0 - South Bend 0 |
| BOTTOM OF THE 4TH |
|
South Bend Cubs batting - Pitching for Greensboro Grasshoppers : LHP Melvin Castro
|
|
Batting: RHB Roy Battist
|
0-0: DOUBLE (Line Drive, 89M, EV 98.1 MPH)
|
|
Batting: RHB Han-seung Hah
|
0-0: Swinging Strike 0-1: Ball 1-1: Called Strike 1-2: Foul Ball, location: 2F 1-2: Ball 2-2: Ball 3-2: Strikes out swinging
|
|
Batting: RHB Puluke Konane
|
0-0: Foul Ball, location: 2F 0-1: Ball 1-1: Called Strike 1-2: Ground out 4-3 (Groundball, 4, EV 82.5 MPH) Roy Battist to third
|
|
Batting: RHB Juan Bonilla
|
0-0: Ball 1-0: Fly out, F7 (Flyball, 7S, EV 76.2 MPH)
|
| Bottom of the 4th over - 0 runs, 1 hit, 0 errors, 1 left on base; Greensboro 0 - South Bend 0 |
| TOP OF THE 5TH |
|
Greensboro Grasshoppers batting - Pitching for South Bend Cubs : RHP Velimir Sljivancanin
|
|
Batting: RHB Harrie de Kam
|
0-0: Called Strike 0-1: Called Strike 0-2: Ball 1-2: Strikes out swinging
|
|
Batting: RHB Rafael Irizarry
|
0-0: Ball 1-0: Ball 2-0: Foul Ball, location: 2F 2-1: Ball 3-1: Swinging Strike 3-2: Ground out U3 (Groundball, 3, EV 86.9 MPH)
|
|
Batting: LHB Ryan Karg
|
0-0: Ball 1-0: Called Strike 1-1: Foul Ball, location: 2F 1-2: Ball 2-2: Ground out 3-1 (Groundball, 34, EV 103.1 MPH)
|
| Top of the 5th over - 0 runs, 0 hits, 0 errors, 0 left on base; Greensboro 0 - South Bend 0 |
| BOTTOM OF THE 5TH |
|
South Bend Cubs batting - Pitching for Greensboro Grasshoppers : LHP Melvin Castro
|
|
Batting: RHB Denis Rachin
|
0-0: Ball 1-0: Foul Ball, location: 2F 1-1: Foul Ball, location: 2F 1-2: Foul Ball, location: 2F 1-2: Foul Ball, location: 2F 1-2: SINGLE (Groundball, 34D, EV 95.0 MPH)
|
|
Batting: LHB Adam Conover
|
0-0: Called Strike 0-1: Ball 1-1: Fielders Choice at 2nd, 4-6 (Groundball, 34S, EV 85.6 MPH)
|
|
Batting: RHB Hugo Torrez
|
0-0: Ball 1-0: Ball 2-0: Ground out 5-3 (Groundball, 15, EV 92.5 MPH) Adam Conover to second
|
|
Batting: RHB Andy Huntley
|
0-0: Ball 1-0: Called Strike 1-1: Ball 2-1: Ball 3-1: Base on Balls
|
|
Batting: LHB Kwang-chih Men
|
0-0: Called Strike 0-1: Ball 1-1: Ball 2-1: Ball 3-1: DOUBLE (Flyball, 78XD, EV 97.5 MPH) Adam Conover scores Andy Huntley to third Runner from 3rd tries for Home, SAFE, throw by CF to trailing runner, SAFE at third!
|
|
Batting: RHB Roy Battist
|
0-0: Foul Ball, location: 2F 0-1: Foul Ball, location: 2F 0-2: Foul Ball, location: 2F 0-2: Foul Ball, location: 2F 0-2: Ground out 4-3 (Groundball, 4, EV 102.5 MPH)
|
| Bottom of the 5th over - 2 runs, 2 hits, 0 errors, 1 left on base; Greensboro 0 - South Bend 2 |
| TOP OF THE 6TH |
|
Greensboro Grasshoppers batting - Pitching for South Bend Cubs : RHP Velimir Sljivancanin
|
|
Pitching: RHP Angel Pesina
|
|
|
Batting: LHB Angelo Estrella
|
0-0: Called Strike 0-1: Ball 1-1: Ball 2-1: Fly out, F9 (Flyball, 9LM, EV 85.6 MPH)
|
|
Batting: RHB Chris Alft
|
0-0: Swinging Strike 0-1: Hit by Pitch
|
|
Batting: LHB Justin Blakely
|
0-0: Ball 1-0: Ball 2-0: Ball 3-0: Base on Balls Chris Alft to second
|
|
Batting: LHB Ryan Thompson
|
0-0: Fly out, F8 (Line Drive, 8LD, EV 92.5 MPH)
|
|
Batting: RHB Dennis Coppolino
|
0-0: Called Strike 0-1: Ball 1-1: Ball 2-1: Ball 3-1: SINGLE (Groundball, 3D, EV 95.0 MPH) Chris Alft to third Justin Blakely to second Runner from 3rd tries for Home, SAFE, throw by RF to home
|
|
Batting: RHB Nick Dunton
|
0-0: TRIPLE (Groundball, 3L, EV 103.8 MPH) Justin Blakely scores Dennis Coppolino scores
|
|
Pitching: RHP Eric Allen
|
|
|
Batting: RHB Harrie de Kam
|
0-0: Called Strike 0-1: Ball 1-1: Ball 2-1: SINGLE (Groundball, 5L, EV 85.0 MPH) (infield hit) Nick Dunton scores
|
|
Batting: RHB Rafael Irizarry
|
0-0: Called Strike 0-1: Foul Ball, location: 2F 0-2: Foul Ball, location: 2F 0-2: Foul Ball, location: 2F 0-2: Strikes out swinging
|
| Top of the 6th over - 4 runs, 3 hits, 0 errors, 1 left on base; Greensboro 4 - South Bend 2 |
| BOTTOM OF THE 6TH |
|
South Bend Cubs batting - Pitching for Greensboro Grasshoppers : LHP Melvin Castro
|
|
Pitching: RHP Adam Brown
|
|
|
Batting: RHB Han-seung Hah
|
0-0: Swinging Strike 0-1: Ball 1-1: Swinging Strike 1-2: Strikes out swinging
|
|
Batting: RHB Puluke Konane
|
0-0: Foul Ball, location: 2F 0-1: Ball 1-1: Called Strike 1-2: Ground out 5-3 (Groundball, 5S, EV 71.2 MPH)
|
|
Batting: RHB Juan Bonilla
|
0-0: Called Strike 0-1: Foul Ball, location: 2F 0-2: Ground out U3 (Groundball, 3S, EV 88.1 MPH)
|
| Bottom of the 6th over - 0 runs, 0 hits, 0 errors, 0 left on base; Greensboro 4 - South Bend 2 |
| TOP OF THE 7TH |
|
Greensboro Grasshoppers batting - Pitching for South Bend Cubs : RHP Eric Allen
|
|
Batting: LHB Ryan Karg
|
0-0: Foul Ball, location: 2F 0-1: Ball 1-1: Swinging Strike 1-2: Strikes out looking
|
|
Batting: LHB Angelo Estrella
|
0-0: Fly out, F7 (Line Drive, 7, EV 93.8 MPH)
|
|
Batting: RHB Chris Alft
|
0-0: Called Strike 0-1: Ball 1-1: Called Strike 1-2: Ball 2-2: Strikes out looking
|
| Top of the 7th over - 0 runs, 0 hits, 0 errors, 0 left on base; Greensboro 4 - South Bend 2 |
| BOTTOM OF THE 7TH |
|
South Bend Cubs batting - Pitching for Greensboro Grasshoppers : RHP Adam Brown
|
|
Batting: RHB Denis Rachin
|
0-0: Ground out 6-3 (Groundball, 6, EV 108.1 MPH)
|
|
Batting: LHB Adam Conover
|
0-0: Ball 1-0: Ball 2-0: Ball 3-0: Called Strike 3-1: Base on Balls
|
|
Batting: RHB Hugo Torrez
|
0-0: Fielders Choice at 2nd, 1-4 (Groundball, 15S, EV 76.9 MPH)
|
|
Batting: RHB Andy Huntley
|
0-0: Ball 1-0: Ball Hugo Torrez is caught stealing 2nd base 2-4
|
| Bottom of the 7th over - 0 runs, 0 hits, 0 errors, 0 left on base; Greensboro 4 - South Bend 2 |
| TOP OF THE 8TH |
|
Greensboro Grasshoppers batting - Pitching for South Bend Cubs : RHP Eric Allen
|
|
Pitching: LHP Tom Mooney
|
|
|
Batting: LHB Justin Blakely
|
0-0: Ground out 5-3 (Groundball, 5, EV 105.0 MPH)
|
|
Batting: LHB Ryan Thompson
|
0-0: Called Strike 0-1: Ball 1-1: Called Strike 1-2: Strikes out swinging
|
|
Batting: RHB Dennis Coppolino
|
0-0: Ball 1-0: Foul Ball, location: 2F 1-1: Ball 2-1: SINGLE (Flyball, 6D, EV 95.0 MPH)
|
|
Batting: RHB Nick Dunton
|
0-0: SINGLE (Line Drive, 78S, EV 93.1 MPH) Dennis Coppolino to second
|
|
Batting: RHB Harrie de Kam
|
0-0: Ball 1-0: Called Strike 1-1: Foul Ball, location: 2F 1-2: Strikes out swinging
|
| Top of the 8th over - 0 runs, 2 hits, 0 errors, 2 left on base; Greensboro 4 - South Bend 2 |
| BOTTOM OF THE 8TH |
|
South Bend Cubs batting - Pitching for Greensboro Grasshoppers : RHP Adam Brown
|
|
Batting: RHB Andy Huntley
|
0-0: Swinging Strike 0-1: Ball 1-1: Foul Ball, location: 2F 1-2: Ball 2-2: Ball 3-2: Foul Ball, location: 2F 3-2: Foul Ball, location: 2F 3-2: Strikes out swinging
|
|
Batting: LHB Kwang-chih Men
|
0-0: Ball 1-0: Called Strike 1-1: Ball 2-1: Foul Ball, location: 2F 2-2: Ball 3-2: Foul Ball, location: 2F 3-2: Base on Balls
|
|
Batting: RHB Roy Battist
|
0-0: Called Strike 0-1: Grounds into double play, 4-6-3 (Groundball, 4MD, EV 81.9 MPH)
|
| Bottom of the 8th over - 0 runs, 0 hits, 0 errors, 0 left on base; Greensboro 4 - South Bend 2 |
| TOP OF THE 9TH |
|
Greensboro Grasshoppers batting - Pitching for South Bend Cubs : LHP Tom Mooney
|
|
Batting: RHB Rafael Irizarry
|
0-0: Ball 1-0: SINGLE (Groundball, 56D, EV 98.1 MPH)
|
|
Batting: LHB Ryan Karg
|
0-0: Ball Rafael Irizarry steals 2nd base 1-0: Ball 2-0: DOUBLE (Line Drive, 9LM, EV 94.4 MPH) Rafael Irizarry scores
|
|
Batting: LHB Angelo Estrella
|
0-0: DOUBLE (Flyball, 8RXD, EV 88.8 MPH) Ryan Karg scores
|
|
Batting: RHB Chris Alft
|
0-0: Fly out, F8 (Line Drive, 8RM, EV 85.6 MPH)
|
|
Batting: LHB Justin Blakely
|
0-0: Fly out, F6 (Popup, 6M, EV 73.1 MPH)
|
|
Batting: LHB Ryan Thompson
|
0-0: Ball 1-0: Called Strike 1-1: Ground out 6-3 (Groundball, 6, EV 83.8 MPH)
|
| Top of the 9th over - 2 runs, 3 hits, 0 errors, 1 left on base; Greensboro 6 - South Bend 2 |
| BOTTOM OF THE 9TH |
|
South Bend Cubs batting - Pitching for Greensboro Grasshoppers : RHP Adam Brown
|
|
Pitching: RHP Dan Durand
|
|
|
Batting: RHB Han-seung Hah
|
0-0: Ball 1-0: Ball 2-0: Called Strike 2-1: SINGLE (Line Drive, 56, EV 99.4 MPH)
|
|
Batting: RHB Puluke Konane
|
0-0: Called Strike 0-1: Ball 1-1: Called Strike 1-2: Ball 2-2: Foul Ball, location: 2F 2-2: Hit by Pitch Han-seung Hah to second
|
|
Pitching: RHP Felix Moreno
|
|
|
Batting: RHB Juan Bonilla
|
0-0: Called Strike 0-1: Swinging Strike 0-2: DOUBLE (Flyball, 9LD, EV 109.4 MPH) Han-seung Hah scores Puluke Konane to third
|
|
Batting: RHB Denis Rachin
|
0-0: Called Strike 0-1: Ball 1-1: SINGLE (Flyball, 8RS, EV 92.5 MPH) Puluke Konane scores Juan Bonilla to third
|
|
Batting: LHB Adam Conover
|
0-0: Swinging Strike 0-1: Called Strike 0-2: Strikes out swinging
|
|
Batting: RHB Hugo Torrez
|
0-0: Ball 1-0: Ball Denis Rachin is caught stealing 2nd base 2-4 2-0: SINGLE (Groundball, 56D, EV 98.8 MPH) Juan Bonilla scores
|
|
Batting: RHB Andy Huntley
|
0-0: Ball 1-0: Called Strike 1-1: Ball Hugo Torrez steals 2nd base 2-1: Swinging Strike 2-2: Strikes out swinging
|
| Bottom of the 9th over - 3 runs, 4 hits, 0 errors, 1 left on base; Greensboro 6 - South Bend 5 |
|